 Dungeon Crawl Stone Soup version 0.30.0-20-g3b4254fcbd (webtiles) character file.

Game seed: 12369557369746489878

823 Darkkill the Shooter (level 7, -2/62 HPs)
             Began as a Minotaur Hunter on June 2, 2023.
             Slain by an iguana (10 damage)
             ... on level 5 of the Dungeon.
             The game lasted 00:07:36 (3167 turns).

Darkkill the Shooter (Minotaur Hunter)              Turns: 3167, Time: 00:07:36

Health: -2/62      AC:  6    Str: 15    XL:     7   Next: 64%
Magic:  6/6        EV: 14    Int:  6    God:
Gold:   180        SH:  0    Dex: 16    Spells: 6/6 levels left

rFire   . . .        a - +0 shortbow (flame)
rCold   . . .        (shield currently unavailable)
rNeg    . . .        c - +0 leather armour
rPois   .            l - +2 hat
rElec   .            (no cloak)
rCorr   .            d - +0 pair of gloves
SInv    +            (no boots)
Will    .....        o - amulet of regeneration
Stlth   ++           q - ring of see invisible
HPRegen 1.10/turn    (no ring)
MPRegen 0.10/turn

%: no passive effects
@: lethally poisoned (-2 -> -7)
A: horns 2, retaliatory headbutt
a: no special abilities


You were on level 5 of the Dungeon.
You visited 1 branch of the dungeon, and saw 5 of its levels.
You also visited: Ossuary.

You collected 180 gold pieces.

Inventory:

Hand Weapons
 a - a +0 shortbow of flaming (weapon)
 b - a +5 eveningstar of protection
Missiles
 e - 23 stones
 i - 4 boomerangs
 m - a throwing net {=f !f}
 r - 2 curare-tipped darts {=f !f}
Armour
 c - a +0 leather armour (worn)
 d - a +0 pair of gloves (worn)
 l - a +2 hat (worn)
Jewellery
 o - an amulet of regeneration (around neck)
 q - a ring of see invisible (left hand)
Scrolls
 g - a scroll of immolation
Potions
 f - a potion of mutation
 h - a potion of berserk rage {unknown}
 k - a potion of haste {unknown}
 n - 3 potions of curing {@q1}
 p - 2 potions of invisibility
 t - a potion of might
 v - a potion of resistance {unknown}


   Skills:
 + Level 5.7 Fighting
 + Level 6.4 Ranged Weapons
 + Level 5.1 Dodging
 + Level 3.8 Stealth


You had 6 spell levels left.
You didn't know any spells.
Your spell library contained the following spells:

 Spells                   Type           Power      Damage    Failure   Level
 Ensorcelled Hibernation  Hex/Ice        0%         N/A       67%         2
 Passwall                 Tmut/Erth      0%         N/A       67%         2
 Swiftness                Air            0%         N/A       88%         3


Dungeon Overview and Level Annotations

Branches:
Dungeon (5/15)            Ossuary (visited)
 Temple: D:4-7

Altars:
Kikubaaqudgha
Makhleb
Uskayaw
Xom
The Shining One

Shops:
D:1 (


Innate Abilities, Weirdness & Mutations

You have a pair of horns on your head.
You reflexively headbutt those who attack you in melee.


Message History

The iguana misses you.
There are monsters nearby!
There are monsters nearby!
You shoot an arrow. The arrow closely misses the iguana.
The unseen horror barely misses you.
The iguana bites you but does no damage.
You shoot an arrow.
The arrow closely misses the unseen horror.
The unseen horror hits you but does no damage.
The unseen horror barely misses you. You furiously retaliate!
You headbutt the unseen horror. The iguana barely misses you.
There are monsters nearby!
You shoot an arrow. The arrow hits the jelly!
The arrow burns the jelly.
The jelly is severely wounded.
The unseen horror misses you. The jelly closely misses you.
The iguana barely misses you. You furiously retaliate!
You headbutt the iguana.
There are monsters nearby!
Fire: a) +0 shortbow (flame)
Press: ? - help, Q - select action, (/) - cycle Shift-Dir - straight line, f - unseen horror, p - jelly
Aim: an unseen horror (moderately wounded, slightly transparent, 65% to hit)
You shoot an arrow.
The arrow hits the unseen horror but does no damage.
The unseen horror is moderately wounded.
The unseen horror hits you! The jelly hits you but does no damage.
The iguana bites you but does no damage.
The jelly misses you. The iguana barely misses you.
Fire: a) +0 shortbow (flame)
Press: ? - help, Q - select action, (/) - cycle Shift-Dir - straight line, f/p - unseen horror
Aim: an unseen horror (moderately wounded, slightly transparent, 65% to hit)
You shoot an arrow. The arrow hits the unseen horror!
The arrow burns the unseen horror.
The unseen horror is heavily wounded.
The unseen horror hits you but does no damage.
The jelly barely misses you. The iguana completely misses you.
Fire: a) +0 shortbow (flame)
Press: ? - help, Q - select action, (/) - cycle Shift-Dir - straight line, f/p - unseen horror
Aim: an unseen horror (heavily wounded, slightly transparent, 65% to hit)
You shoot an arrow.
The arrow hits the unseen horror but does no damage.
The unseen horror is heavily wounded.
The unseen horror barely misses you.
The scorpion stings you but does no damage.
The jelly hits you.
You are splashed with acid.
The iguana misses you. The scorpion closely misses you.
Fire: a) +0 shortbow (flame)
Press: ? - help, Q - select action, (/) - cycle Shift-Dir - straight line, f/p - unseen horror
Aim: an unseen horror (heavily wounded, slightly transparent, 65% to hit)
You shoot an arrow.
The arrow barely misses the unseen horror.
The unseen horror hits you. The unseen horror hits you!
The scorpion misses you. The iguana bites you! The jelly hits you.
You are splashed with acid!
* * * LOW HITPOINT WARNING * * *
Fire: a) +0 shortbow (flame)
Press: ? - help, Q - select action, (/) - cycle Shift-Dir - straight line, f/p - unseen horror
Aim: an unseen horror (heavily wounded, slightly transparent, 65% to hit)
You shoot an arrow. The arrow barely misses the iguana.
The arrow barely misses the unseen horror.
The unseen horror barely misses you. You furiously retaliate!
You headbutt the unseen horror! The unseen horror barely misses you.
The scorpion closely misses you. The jelly hits you but does no damage.
The iguana barely misses you.
The scorpion stings you but does no damage.
Unknown command.
You feel much better.
The unseen horror hits you but does no damage.
The jelly hits you but does no damage. The iguana bites you.
The scorpion barely misses you.
Fire: a) +0 shortbow (flame)
Press: ? - help, Q - select action, (/) - cycle Shift-Dir - straight line, f/p - unseen horror
Aim: an unseen horror (severely wounded, slightly transparent, 65% to hit)
You shoot an arrow.
The arrow hits the unseen horror but does no damage.
The unseen horror is severely wounded.
The unseen horror closely misses you. The unseen horror hits you!
The jelly hits you but does no damage. The iguana bites you.
The scorpion stings you but does no damage.
The jelly closely misses you. You furiously retaliate!
You headbutt the jelly.
You kill the jelly!
The iguana barely misses you. The scorpion stings you.
Fire: a) +0 shortbow (flame)
Press: ? - help, Q - select action, (/) - cycle Shift-Dir - straight line, f/p - unseen horror
Aim: an unseen horror (severely wounded, slightly transparent, 65% to hit)
You shoot an arrow. The arrow hits the unseen horror.
The arrow burns the unseen horror.
The unseen horror is severely wounded.
The unseen horror hits you! The iguana bites you.
* * * LOW HITPOINT WARNING * * *
The scorpion barely misses you.
Fire: a) +0 shortbow (flame)
Press: ? - help, Q - select action, (/) - cycle Shift-Dir - straight line, f/p - unseen horror
Aim: an unseen horror (severely wounded, slightly transparent, 65% to hit)
You shoot an arrow.
The arrow hits the unseen horror but does no damage.
The unseen horror is severely wounded.
The unseen horror misses you. The scorpion stings you.
* * * LOW HITPOINT WARNING * * *
You are poisoned.
The scorpion poisons you! The iguana bites you!
You die...

.........###......
#..............#
..............#
.............#####.
..............#....
...##.<...........
#..^..........#
###....x......#
#...#.@l.....#
..#.##.s.......
...............
.#.........###.
##..##.(.## #..
....# ..# ..### ...
...


You could see an unseen horror (invisible), a scorpion and an iguana.

Vanquished Creatures
  2 elf zombies (Ossuary)
  A scorpion (D:4)
  A howler monkey (D:5)
  2 hounds (D:4)
  2 orc priests (D:4)
  3 jellies
  2 iguanas
  3 iron imps (D:4)
  An orc wizard (D:4)
  2 mummies (Ossuary)
  5 adders
  2 ufetubi (D:4)
  3 adder zombies (Ossuary)
  5 worms
  2 dart slugs
  9 orcs (D:4)
  5 endoplasms
  2 giant cockroaches
  5 goblins
  5 hobgoblins
  3 jackals (D:4)
  9 quokkas
  9 ball pythons
  5 bats
  3 frilled lizards
  2 goblin zombies
  9 hobgoblin zombies (Ossuary)
  2 jackal zombies (Ossuary)
  5 kobolds
  9 kobold zombies (Ossuary)
  9 orc zombies (Ossuary)
  A quokka zombie (D:4)
  A rat (D:2)
  2 rat zombies (Ossuary)
131 creatures vanquished.

Notes
Turn   | Place    | Note
-------+----------+-------------------------------------------
     0 | D:1      | Darkkill the Minotaur Hunter began the quest for the Orb.
     0 | D:1      | Reached XP level 1. HP: 18/18 MP: 0/0
    17 | D:1      | You fall into a shaft and drop 1 floor!
   184 | D:1      | Reached skill level 1 in Stealth
   190 | D:1      | Reached XP level 2. HP: 20/25 MP: 1/1
   325 | D:1      | Found Hofatepp's Antique Weapon Shoppe.
   433 | D:1      | Reached XP level 3. HP: 31/31 MP: 2/2
   549 | D:1      | Identified a scroll of acquirement
   549 | D:1      | Acquired a +5 eveningstar of protection
   747 | D:2      | Found a glowing golden altar of the Shining One.
  1122 | D:3      | Noticed a +0 short sword
  1122 | D:3      | Noticed a +0 dagger
  1124 | D:3      | Noticed a +0 spear
  1124 | D:3      | Noticed a +0 spear
  1124 | D:3      | Noticed a +0 short sword
  1124 | D:3      | Noticed a +0 dagger
  1125 | D:3      | Noticed a +0 falchion
  1125 | D:3      | Noticed a +0 falchion
  1238 | D:3      | Found an ancient bone altar of Kikubaaqudgha.
  1247 | D:3      | Reached XP level 4. HP: 38/38 MP: 3/3
  1255 | D:3      | Found a shimmering altar of Xom.
  1512 | D:3      | Found a hide-covered altar of Uskayaw.
  2071 | D:4      | Found a sand-covered staircase.
  2086 | Ossuary  | Entered an ossuary
  2110 | Ossuary  | Reached skill level 5 in Ranged Weapons
  2243 | Ossuary  | Reached XP level 5. HP: 42/46 MP: 4/4
  2271 | Ossuary  | Reached XP level 6. HP: 23/53 MP: 5/5
  2696 | D:4      | Found a burning altar of Makhleb.
  2763 | D:4      | Reached skill level 5 in Fighting
  2784 | D:4      | Reached XP level 7. HP: 61/61 MP: 6/6
  2788 | D:4      | Reached skill level 6 in Ranged Weapons
  3127 | D:5      | Entered Level 5 of the Dungeon
  3131 | D:5      | Reached skill level 5 in Dodging
  3150 | D:5      | Noticed an unseen horror
  3167 | D:5      | HP: 8/62 [scorpion (6)]
  3167 | D:5      | Slain by an iguana

Illustrated notes

Levels and vault maps discovered:
D:1:      zelgadis_glass_arrival_small, layout_rooms, serial_shops, shop
D:2:      layout_loops_ring, basic_altar, palyth_stone_intersect
D:3:      layout_basic, nicolae_uskayaw_en_pointe,
          mainiacjoe_overflow_big_doors, st_stairs_9
D:4:      minmay_recursive_quarters, layout_basic, demons_altar, enter_ossuary_4
D:5:      layout_cave_pools, nicolae_gozag_cash_rules_everything_around_me,
          nicolae_ru_path_of_blood, minmay_temple_entry_grid, serial_glass,
          glass_columns_c, glass_columns_a, glass_columns_a, glass_columns_a,
          glass_columns_b, glass_columns_c, glass_columns_a, glass_columns_c

Skill      XL: |  1  2  3  4  5  6  7 |
---------------+----------------------+-----
Stealth        | 1 2 3 |  3.8
Fighting       | 3 4 5 |  5.7
Dodging        | 3 4 5 |  5.1
Ranged Weapons | 5 6 |  6.4

Action                     |  1- 3 |  4- 6 |  7- 9 || total
---------------------------+-------+-------+-------++-------
  Melee: Eveningstar       |     1 |    64 |    28 ||    93
         Headbutt          |       |    10 |     3 ||    13
         Punch             |       |     1 |       ||     1
   Fire: Shortbow          |   100 |   117 |    30 ||   247
    Use: Scroll            |     4 |     3 |     2 ||     9
         Potion            |       |       |     1 ||     1
 Armour: Leather armour    |     2 |    82 |    36 ||   120
  Dodge: Dodged            |     9 |   133 |    78 ||   220

Levels and vault maps discovered:
D:1:      zelgadis_glass_arrival_small, layout_rooms, serial_shops, shop
D:2:      layout_loops_ring, basic_altar, palyth_stone_intersect
D:3:      layout_basic, nicolae_uskayaw_en_pointe,
          mainiacjoe_overflow_big_doors, st_stairs_9
D:4:      minmay_recursive_quarters, layout_basic, demons_altar, enter_ossuary_4
D:5:      layout_cave_pools, nicolae_gozag_cash_rules_everything_around_me,
          nicolae_ru_path_of_blood, minmay_temple_entry_grid, serial_glass,
          glass_columns_c, glass_columns_a, glass_columns_a, glass_columns_a,
          glass_columns_b, glass_columns_c, glass_columns_a, glass_columns_c

Table legend: (Time is in decaauts)
 A = Elapsed time spent in this place.
 B = Non-inter-level travel time spent in this place.
 C = Inter-level travel time spent in this place.
 D = Time resting spent in this place.
 E = Time spent auto-exploring this place.
 F = Levels seen in this place.
 G = Mean time per level.
                   A        B        C        D        E       F      G
               +--------+--------+--------+--------+--------+-----+--------+
         Total |   3276 |   3085 |    191 |    100 |   2107 |   6 |  546.0 |
       Dungeon |   2973 |   2782 |    191 |    100 |   2059 |   5 |  594.6 |
       Ossuary |    303 |    303 |      0 |      0 |     48 |   1 |  303.0 |
               +--------+--------+--------+--------+--------+-----+--------+

Top non-repeatable levels by time:
     D:3: 945 daAuts
     D:4: 843 daAuts
     D:2: 726 daAuts
     D:1: 412 daAuts
 Ossuary: 303 daAuts
     D:5: 46 daAuts

Table legend:
 A = Kills in this place as a percentage of kills in the entire game.
 B = Kills by you in this place as a percentage of kills by you in the entire game.
 C = Kills by friends in this place as a percentage of kills by friends in the entire game.
 D = Other kills in this place as a percentage of other kills in the entire game.
 E = Experience gained in this place as a percentage of experience gained in the entire game.
 F = Experience gained in this place divided by the number of levels of this place that you have seen.
                   A       B       C       D       E      F
               +-------+-------+-------+-------+-------+----------------------
         Total | 100.0 | 100.0 |   N/A |   N/A | 100.0 | 196.2
       Dungeon |  70.2 |  70.2 |   N/A |   N/A |  76.5 | 180.0
       Ossuary |  29.8 |  29.8 |   N/A |   N/A |  23.5 | 277.0
               +-------+-------+-------+-------+-------+----------------------
